 Dungeon Crawl Stone Soup version 0.27-a0-705-ga0013940fb (webtiles) character file.

Game seed: 16764665251215281613

1 jasper the Sneak (level 1, -2/18 HPs)
             Began as a Demonspawn Delver on Mar 22, 2021.
             Slain by a worker ant (7 damage)
             ... on level 4 of the Dungeon.
             The game lasted 00:01:17 (194 turns).

jasper the Sneak (Demonspawn Delver)                 Turns: 194, Time: 00:01:17

Health: -2/18      AC:  5    Str: 12    XL:     1   Next: 16%
Magic:  1/1        EV: 10    Int: 11    God:
Gold:   0          SH:  0    Dex: 14    Spells: 0/0 levels left

rFire    . . .     SeeInvis .   a - +0 hand axe
rCold    . . .     Faith    .   (no shield)
rNeg     . . .     Spirit   .   j - +0 ring mail
rPois    .         Reflect  .   (no helmet)
rElec    .         Harm     .   (no cloak)
rCorr    .         Rampage  .   (no gloves)
Will     .....                  (no boots)
Stlth    ++........             (no amulet)
HPRegen  0.06/turn              (no ring)
MPRegen  0.07/turn              (no ring)

@: no status effects
A: no striking features
a: no special abilities


You were on level 4 of the Dungeon.
You visited 1 branch of the dungeon, and saw 3 of its levels.

Inventory:

Hand Weapons
 a - a +0 hand axe (weapon)
 h - a +0 shortbow
Missiles
 i - 23 bolts
Armour
 b - a +0 leather armour
 j - a +0 ring mail (worn)
Wands
 g - a wand of digging (3)
Scrolls
 c - a scroll of fog
 d - a scroll of magic mapping


   Skills:
 + Level 3.0 Fighting
 * Level 1.8 Axes
 + Level 0.0 Armour
 - Level 1.7 Dodging
 - Level 4.5 Stealth


You couldn't memorise any spells.
You didn't know any spells.
Your spell library was empty.

Dungeon Overview and Level Annotations

Branches:
Dungeon (6/15)
 Temple: D:4-7

Altars:


Message History

An orc comes into view. It is wielding a +0 mace.
You see here a puce potion.
It was a potion of curing.
You feel better.
Okay, then.
You aren't carrying any potions.
Unknown command.
You closely miss the worker ant. The worker ant bites you.
You take 6 damage, and have 12/18 hp.
MASSIVE DAMAGE!!
The worker ant misses you.
Found 19 stones.
The worker ant bites you but does no damage.
A giant cockroach comes into view.
Found a stone staircase leading up.
The worker ant bites you.
You take 5 damage, and have 8/18 hp.
MASSIVE DAMAGE!!
Found 18 stones.
The giant cockroach bites you.
The worker ant bites you but does no damage.
The giant cockroach waves its antennae.
The giant cockroach barely misses you.
Found a ring mail.
You take 1 damage, and have 7/18 hp.
A jackal comes into view. 2 jackals come into view.
The jackal barks!
The worker ant bites you.
* * * LOW HITPOINT WARNING * * *
You take 3 damage, and have 5/18 hp.
A jackal comes into view.
The jackal moves out of view.
There is a stone staircase leading up here.
The worker ant bites you but does no damage.
You climb upwards.
Found a mace and 18 gold pieces.
There is a stone staircase leading down here.
Okay, then.
Okay, then.
The worker ant bites you but does no damage.
Found 10 gold pieces.
The worker ant bites you!
You die...

############
#..........#
#..B@......+
#..##..##$.#
##########..##..#
.......>.........+
...........).....#
######+#######$.##
..# ..# +


You could see a worker ant.

Vanquished Creatures
  A quokka (D:5)
1 creature vanquished.

Notes
Turn   | Place    | Note
-------+----------+-------------------------------------------
     0 | D:5      | jasper the Demonspawn Delver began the quest for the Orb.
     0 | D:5      | Reached XP level 1. HP: 18/18 MP: 1/1
    54 | D:6      | Found the ring of the Octopus King
    54 | D:6      | Noticed an orc priest
    86 | D:6      | Noticed a hound
   155 | D:5      | Noticed a worker ant
   194 | D:4      | Slain by a worker ant

Illustrated notes

Levels and vault maps discovered:
D:4:      layout_gridville, kennysheep_mini, amcnicky_mini_pool_small
D:5:      layout_cave_pools, serial_co_window_serial, co_window_paths_a,
          co_window_of_opportunity_a, co_window_paths_b, co_window_paths_b,
          co_window_paths_b, co_window_broadway_a, co_window_broadway_b,
          co_window_broadway_a, co_window_sun, co_window_4corner_a,
          glass_columns_b
D:6:      layout_layer_cave, nzn_overflow_gifts_of_might_and_magic,
          cheibrodos_sewer_entry_drain, minmay_shop_mass

Action                   || total
-------------------------++-------
Melee: Hand axe          ||     4
  Use: Potion            ||     2
       Scroll            ||     1
Armor: Ring mail         ||     4
       Leather armour    ||     1
Dodge: Dodged            ||     3

Table legend: (Time is in decaauts)
 A = Elapsed time spent in this place.
 B = Non-inter-level travel time spent in this place.
 C = Inter-level travel time spent in this place.
 D = Time resting spent in this place.
 E = Time spent auto-exploring this place.
 F = Levels seen in this place.
 G = Mean time per level.
                   A        B        C        D        E       F      G
               +--------+--------+--------+--------+--------+-----+--------+
         Total |    177 |    177 |      0 |     22 |     14 |   3 |   59.0 |
       Dungeon |    177 |    177 |      0 |     22 |     14 |   3 |   59.0 |
               +--------+--------+--------+--------+--------+-----+--------+

Top non-repeatable levels by time:
     D:5: 124 daAuts
     D:6: 47 daAuts
     D:4: 5 daAuts
